 Dungeon Crawl Stone Soup version 0.29-a0-214-g17f627cfee (webtiles) character file.

Game seed: 4011689276696595954

53 Crownlay the Conjurer (level 3, -4/26 HPs)
             Began as a Draconian Conjurer on Feb 24, 2022.
             Succumbed to an orc's poison
             ... on level 4 of the Dungeon.
             The game lasted 00:01:55 (1857 turns).

Crownlay the Conjurer (Draconian Conjurer)          Turns: 1857, Time: 00:01:56

Health: -4/26      AC:  6    Str:  9    XL:     3   Next: 64%
Magic:  1/7        EV: 12    Int: 20    God:
Gold:   96         SH:  0    Dex:  9    Spells: 5/8 levels left

rFire   . . .      SeeInvis .   j - +0 trident
rCold   . . .      Faith    .   (no shield)
rNeg    . . .      Spirit   .   (body armour unavailable)
rPois   .          Reflect  .   (helmet restricted)
rElec   .          Harm     .   (no cloak)
rCorr   .          Rampage  .   b - +0 pair of gloves
Will    .....                   (no boots)
Stlth   ++........              (no amulet)
HPRegen 0.08/turn               (no ring)
MPRegen 0.10/turn               (no ring)

@: lethally poisoned (-4 -> -27)
A: AC +5, unfitting armour, cold-blooded
a: no special abilities


You were on level 4 of the Dungeon.
You visited 1 branch of the dungeon, and saw 3 of its levels.

You collected 96 gold pieces.

Inventory:

Hand Weapons
 j - a +0 trident (weapon)
Armour
 b - a +0 pair of gloves (worn)
Scrolls
 c - a scroll of immolation {unknown}
 h - a scroll of blinking {unknown}
Potions
 a - a potion of mutation {unknown}
 d - a potion of flight {unknown}
 f - a potion of attraction {unknown}
 g - a potion of invisibility {unknown}
 i - a potion of magic {unknown}


   Skills:
 - Level 1.7 Dodging
 - Level 1.7 Stealth
 * Level 3.3 Spellcasting
 + Level 4.4 Conjurations


You had 5 spell levels left.
You knew the following spells:

 Your Spells              Type           Power      Damage    Failure   Level
a - Magic Dart            Conj           84%        1d7       2%          1
b - Searing Ray           Conj           42%        2d6       3%          2

Your spell library contained the following spells:

 Spells                   Type           Power      Damage    Failure   Level
 Freeze                   Ice            12%        1d4       14%         1
 Dazzling Flash           Conj/Hex       24%        N/A       17%         3
 Frozen Ramparts          Ice            6%         1d2       38%         3
 Fulminant Prism          Conj/Hex       6%         3d7       50%         4
 Hailstorm                Conj/Ice       12%        3d5       50%         4
 Iskenderun's Mystic Bla  Conj/Tloc      12%        2d5       50%         4


Dungeon Overview and Level Annotations

Branches:
Dungeon (2/15)

Altars:

Annotations:
D:4 1 transporter, p0werm0de's ghost, novice DjCK


Innate Abilities, Weirdness & Mutations

Your plain brown scales are hard. (AC +5)
You cannot fit into any form of body armour.
You are cold-blooded and may be slowed by cold attacks.


Message History

Aiming: Searing Ray (safe; 3% risk of failure)
Press: ? - help, Shift-Dir - straight line, f - orc
Aim: an orc, wielding a +0 flail (78% to hit)
The searing ray hits the orc!
You kill the orc! (Press . to maintain the ray.)
An orc comes into view.
It is wielding a +2 short sword of venom and wearing a +0 leather armour of fire resistance.
The searing ray hits the orc!
You kill the orc!
An orc comes into view. It is wielding a +0 trident.
You finish channelling your searing ray.
Casting: Searing Ray (safe; 3% risk of failure)
Confirm with . or Enter, or press ? or * to list all spells.
Aiming: Searing Ray (safe; 3% risk of failure)
Press: ? - help, Shift-Dir - straight line, f - orc
Aim: an orc, wielding a +2 short sword of venom and wearing a +0 leather armour of fire resistance (78% to hit)
The searing ray hits the orc.
The orc is almost dead. (Press . to maintain the ray.) Without enough magic to sustain it, your searing ray dissipates.
The orc hits you but does no damage.
You are poisoned.
You feel very sick. The orc misses you.
The orc hits you from afar with a +0 trident!
You feel sick. The orc hits you but does no damage.
You are lethally poisoned!
The orc hits you from afar with a +0 trident.
Okay, then.
You hit the orc but do no damage.
The orc is almost dead.
* * * LOW HITPOINT WARNING * * *
You feel very sick. The orc barely misses you. The orc closely misses you.
The orc hits you with a +2 short sword of venom.
* * * LOW HITPOINT WARNING * * *
You are more poisoned.
You hit the orc.
You kill the orc!
You die...

#.# #.# #.# .)#
#.# #o# #### #####
#)# #.... ...
###@# #..#.##.#
#...#
#.......#####.#.#
##.####...##)....#
....##.....#.###.#
#..†.......# #.#
#####....#.###.#
..5..##..##.....#
..#....##.##.....#


You could see an orc.

Vanquished Creatures
  An ufetubus (D:4)
  A dart slug (D:1)
  3 orcs (D:4)
  7 endoplasms
  2 giant cockroaches (D:1)
  4 goblins (D:1)
  5 hobgoblins (D:1)
  2 jackals (D:1)
  3 kobolds (D:1)
  2 quokkas
  3 ball pythons
  2 bats (D:1)
  6 frilled lizards
41 creatures vanquished.

Notes
Turn   | Place    | Note
-------+----------+-------------------------------------------
     0 | D:1      | Crownlay the Draconian Conjurer began the quest for the
                  | Orb.
     0 | D:1      | Reached XP level 1. HP: 14/14 MP: 3/3
   250 | D:1      | Reached XP level 2. HP: 11/20 MP: 0/5
   264 | D:1      | Learned a level 2 spell: Searing Ray
  1138 | D:1      | Found a faded altar of an unknown god.
  1204 | D:1      | Reached XP level 3. HP: 26/26 MP: 5/7
  1733 | D:2      | You fall into a shaft and drop 2 floors!
  1751 | D:4      | Noticed p0werm0de's ghost (novice DjCK)
  1762 | D:4      | Found a transporter.
  1857 | D:4      | Succumbed to an orc's poison

Illustrated notes

Levels and vault maps discovered:
D:1:      dpeg_arrival_water_temple_mockup, layout_loops_ring,
          shapermc_ecumenical_altar_notcrosses, minmay_misc_feat_diagonals
D:2:      layout_loops_ring, minmay_nonomino_d4, uniq_crazy_yiuf_cottage
D:4:      layout_loops_ring, gammafunk_ghost_stat_death

Skill      XL: |  1  2 |
---------------+-------+-----
Spellcasting   | 3 |  3.3
Dodging        | |  1.7
Stealth        | |  1.7
Conjurations   | |  4.4

Action                   || total
-------------------------++-------
Melee: Dagger            ||     4
       Tailslap          ||     4
       Mace              ||    47
       Trident           ||     2
 Cast: Magic Dart        ||    51
       Searing Ray       ||     3
Armor: Skin              ||    40
Dodge: Dodged            ||    87

Table legend: (Time is in decaauts)
 A = Elapsed time spent in this place.
 B = Non-inter-level travel time spent in this place.
 C = Inter-level travel time spent in this place.
 D = Time resting spent in this place.
 E = Time spent auto-exploring this place.
 F = Levels seen in this place.
 G = Mean time per level.
                   A        B        C        D        E       F      G
               +--------+--------+--------+--------+--------+-----+--------+
         Total |   1881 |   1869 |     12 |      0 |   1560 |   3 |  627.0 |
       Dungeon |   1881 |   1869 |     12 |      0 |   1560 |   3 |  627.0 |
               +--------+--------+--------+--------+--------+-----+--------+

Top non-repeatable levels by time:
     D:1: 1665 daAuts
     D:4: 123 daAuts
     D:2: 91 daAuts
